 Dungeon Crawl Stone Soup version 0.25-a0-583-g696c2ac64d (webtiles) character file.

Game seed: 16001449886936256217, levelgen mode: deterministic

18480 Amnekian the Destroyer (level 12, -3/96 HPs)
             Began as a Red Draconian Conjurer on Mar 7, 2020.
             Was a Priest of Vehumet.
             Slain by a +2 halberd of chaos (13 damage)
             ... on level 1 of the Lair of Beasts on Mar 8, 2020.
             The game lasted 02:24:15 (25169 turns).

Amnekian the Destroyer (Red Draconian Conjurer)    Turns: 25169, Time: 02:24:17

Health: -3/96      AC: 11    Str: 11    XL:     12   Next: 28%
Magic:  7/17       EV: 16    Int: 19    God:    Vehumet [***...]
Gold:   589        SH:  5    Dex: 13    Spells: 4/17 levels left

rFire    + . .     SeeInvis +   y - staff of death
rCold    + . .     Gourm    .   E - +0 buckler
rNeg     + . .     Faith    +   (armour unavailable)
rPois    .         Spirit   .   (helmet restricted)
rElec    .         Reflect  .   H - +1 cloak {+Inv}
rCorr    .         Harm     .   (no gloves)
MR       .....                  M - +0 pair of boots
Stlth    ++........             x - amulet of faith
HPRegen  0.26/turn              t - ring of protection from cold
MPRegen  0.15/turn              d - ring of see invisible

@: slowed, lightly drained, very slow
A: breathe fire, unfitting armour, fire resistance 1, cold-blooded, AC +8
a: Breathe Fire, Renounce Religion, Evoke Invisibility


You were on level 1 of the Lair of Beasts.
You worshipped Vehumet.
Vehumet was most pleased with you.
You were not hungry.

You visited 4 branches of the dungeon, and saw 15 of its levels.
You also visited: Volcano.

You collected 686 gold pieces.
You spent 97 gold pieces at shops.

Inventory:

Missiles
 c - 259 stones (quivered)
 h - 13 boomerangs
 Q - 7 curare-tipped darts
Armour
 s - a +2 cloak
 E - a +0 buckler (worn)
 H - a +1 cloak of invisibility (worn)
 M - a +0 pair of boots (worn)
Magical Staves
 y - an uncursed staff of death (weapon)
Jewellery
 d - a ring of see invisible (right hand)
 e - an uncursed ring of fire
 o - an uncursed ring of teleportation
 t - a ring of protection from cold (left hand)
 x - an amulet of faith (around neck)
 F - an uncursed amulet of magic regeneration
 I - an uncursed ring of flight
 K - an uncursed ring of protection from cold
Wands
 q - a wand of clouds (2)
 G - a wand of random effects (19)
 J - a wand of iceblast (13)
 O - a wand of polymorph (10)
Scrolls
 g - 2 scrolls of immolation
 k - 2 scrolls of fog
 u - a scroll of holy word {unknown}
 v - 2 scrolls of amnesia
 w - 2 scrolls of teleportation
 A - a scroll of magic mapping
 B - a scroll of enchant armour
 C - 3 scrolls of remove curse
 D - a scroll of torment {unknown}
 P - a scroll of identify
Potions
 a - a potion of cancellation
 f - 9 potions of curing
 i - 5 potions of brilliance {unknown}
 j - 2 potions of heal wounds
 l - 2 potions of resistance {unknown}
 m - 5 potions of flight
 n - 4 potions of berserk rage
 p - 2 potions of stabbing {unknown}
 r - 2 potions of degeneration {unknown}
 z - 3 potions of haste
 L - a potion of ambrosia {unknown}
 N - a potion of experience {unknown}
Miscellaneous
 R - a box of beasts
Comestibles
 b - 18 rations


   Skills:
 - Level 6.1(5.9) Fighting
 - Level 5.9(5.7) Staves
 - Level 6.9(6.7) Dodging
 - Level 4.1(3.9) Stealth
 - Level 6.3(6.1) Shields
 - Level 3.2(3.1) Spellcasting
 + Level 10.7(10.5) Conjurations
 + Level 8.6(8.5) Hexes
 - Level 6.8(6.6) Evocations


You had 4 spell levels left.
You knew the following spells:

 Your Spells              Type           Power        Failure   Level  Hunger
a - Magic Dart            Conj           ####         1%          1    None
b - Searing Ray           Conj           #####.       1%          2    ##.....
c - Dazzling Flash        Conj/Hex       #####.       1%          3    ###....
d - Fulminant Prism       Conj/Hex       #####.....   1%          4    ####...
e - Conjure Flame         Conj/Fire      ###.....     1%          3    ###....

Your spell library contained the following spells:

 Spells                   Type           Power        Failure   Level  Hunger
 Shock                    Conj/Air       ###.         1%          1    None
 Confusing Touch          Hex            #####...     1%          3    ###....
 Static Discharge         Conj/Air       ###.....     1%          3    ###....
 Iskenderun's Mystic Bla  Conj/Tloc      ###.....     4%          4    ####...
 Beastly Appendage        Tmut           #.....       16%         1    None
 Sticks to Snakes         Tmut           #.......     22%         2    ##.....
 Swiftness                Chrm/Air       #.......     22%         2    ##.....
 Airstrike                Air            #.........   36%         4    ####...
 Gell's Gravitas          Tloc           #.........   41%         3    ###....
 Spider Form              Tmut/Pois      #.........   41%         3    ###....
 Ice Form                 Ice/Tmut       #.......     83%         4    ####...
 Petrify                  Tmut/Erth      #.......     83%         4    ####...
 Lightning Bolt           Conj/Air       ###.......   13%         5    ######.
 Yara's Violent Unravell  Hex/Tmut       ###.......   19%         5    ######.
 Metabolic Englaciation   Hex/Ice        ###.......   58%         5    ######.
 Blade Hands              Tmut           #.........   99%         5    ######.


Dungeon Overview and Level Annotations

Branches:
Dungeon (10/15)            Temple (1/1) D:5            Lair (3/6) D:9
  Snake (1/4) Lair:3          Orc (0/2) D:9         Volcano (visited)
  Swamp: Lair:2-4    Shoals: Lair:2-4

Altars:
Ashenzari
Cheibriados
Dithmenos
Elyvilon
Fedhas
Gozag
Hepliaklqana
Kikubaaqudgha
Makhleb
Nemelex Xobeh
Okawaru
Qazlal
Ru
Sif Muna
Trog
Uskayaw
Vehumet
Wu Jian
Xom
Yredelemnul
Zin
The Shining One

Shops:
D:9 ?

Annotations:
D:4 Menkaure


Innate Abilities, Weirdness & Mutations

You can breathe blasts of fire.
Your fiery red scales are hard. (AC +8)
You cannot fit into any form of body armour.
Your flesh is heat resistant. (rF+)
You are cold-blooded and may be slowed by cold attacks.


Message History

The +2 halberd of chaos freezes you.
* * * LOW HITPOINT WARNING * * *
The +2 halberd of chaos hits you from afar.
* * * LOW HITPOINT WARNING * * *
You partially resist.
You feel drained.
Okay, then.
Okay, then.
Okay, then.
Evoke which item? (* to show all) (? for menu, Esc to quit)
Okay, then.
Okay, then.
Okay, then.
You feel much better.
The +2 halberd of chaos hits you from afar!
* * * LOW HITPOINT WARNING * * *
The +2 halberd of chaos freezes you.
* * * LOW HITPOINT WARNING * * *
The +2 halberd of chaos is engulfed in blazing flames.
The +2 halberd of chaos hits you from afar!
You die...

.........................#._.#...
######.#.................##'##...
###............#............
##########....###....##.....#P#..
.....#.###....###..........####..
.............................##..
#....####.....#.#...........##...
##....###..####.#...........#....
#...###......(.@...>............
#...# #...#####.................
##...# ##..######..P.............
.....# #..##....................
..#.#####...##.##..#.............
..###.#.#......##..##............
.....รท.........##...##...........
..########....###..####.....#....
....##.........##..####..........


You could see a +2 halberd of chaos.

Vanquished Creatures
  The ghost of larifari the Markscentaur, a journeyman CeHu of Okawaru (Lair:1)
  3 hydras
  Sonja (Lair:1)
  A salamander mystic (Volcano)
  3 salamanders (Volcano)
  2 elephants
  A black mamba (Lair:1)
  A molten gargoyle (Volcano)
  A spiny frog (Lair:1)
  3 rime drakes
  A komodo dragon (Lair:3)
  A troll (D:9)
  A hornet (D:8)
  Grinder (D:3)
  3 hippogriffs
  3 blink frogs (Lair:1)
  2 dream sheep (D:9)
  Sigmund (D:3)
  2 fire bats (Volcano)
  A wyvern (Lair:3)
  11 yaks
  3 basilisks
  Grum (D:8)
  2 hungry ghosts
  8 water moccasins
  4 nagas
  A porcupine (Lair:2)
  A sky beast (D:9)
  2 slaves (D:7)
  A phantom (D:8)
  5 ogres
  4 wolves
  7 centaurs
  4 crocodiles
  3 big kobolds (D:9)
  10 bullfrogs
  A scorpion (D:8)
  3 wights (D:9)
  2 crimson imps
  2 bullfrog zombies
  2 centaur zombies
  7 lava snakes (Volcano)
  A quasit (D:9)
  4 hounds
  3 jellies
  Crazy Yiuf (D:3)
  A bullfrog skeleton (D:9)
  6 orc wizards
  An orc priest (D:5)
  Natasha (thrice) (D:3)
  2 iguanas
  8 worker ants
  A killer bee zombie (D:6)
  2 hound zombies
  2 hound skeletons
  A howler monkey zombie (D:5)
  Robin (D:2)
  14 adders
  A shadow imp (D:9)
  An ooze (D:4)
  An adder zombie (D:8)
  4 worms
  4 dart slugs
  4 leopard geckos
  32 orcs
  2 ball pythons (D:4)
  2 giant cockroaches
  20 goblins
  11 hobgoblins
  20 jackals
  A quokka (D:6)
  7 bats
  3 kobolds
  A quokka skeleton (D:5)
  2 rats (D:2)
284 creatures vanquished.

Vanquished Creatures (others)
  5 dream sheep (D:3)
  An orc (D:8)
  44 fulminant prisms
  5 fungi
55 creatures vanquished.

Grand Total: 339 creatures vanquished

Notes
Turn   | Place    | Note
-------+----------+-------------------------------------------
     0 | D:1      | Amnekian the Draconian Conjurer began the quest for the
                  | Orb.
     0 | D:1      | Reached XP level 1. HP: 14/14 MP: 3/3
   554 | D:1      | Reached XP level 2. HP: 18/20 MP: 5/5
   970 | D:2      | Reached skill level 5 in Conjurations
  1204 | D:2      | Reached XP level 3. HP: 19/26 MP: 6/6
  1281 | D:2      | Learned a level 2 spell: Searing Ray
  1767 | D:2      | Reached XP level 4. HP: 33/33 MP: 4/7
  2307 | D:3      | Noticed Sigmund
  2538 | D:3      | Reached skill level 6 in Conjurations
  2838 | D:3      | Found a faded altar of an unknown god.
  2855 | D:3      | Noticed Grinder
  2862 | D:3      | Paralysed by Grinder for 5 turns
  2884 | D:3      | Found a shattered altar of Ashenzari.
  2967 | D:2      | Reached XP level 5. HP: 25/38 MP: 4/8
  3219 | D:3      | Noticed Robin
  3476 | D:2      | Killed Robin
  3966 | D:3      | Noticed a dream sheep
  3966 | D:3      | Noticed a dream sheep
  3966 | D:3      | Noticed a dream sheep
  3966 | D:3      | Noticed a dream sheep
  3966 | D:3      | Noticed a dream sheep
  3966 | D:3      | Found a shimmering altar of Xom.
  3971 | D:3      | Killed a dream sheep
  3972 | D:3      | Killed a dream sheep
  3973 | D:3      | Killed a dream sheep
  3973 | D:3      | Killed a dream sheep
  3973 | D:3      | Killed a dream sheep
  3974 | D:3      | Reached skill level 1 in Fighting
  4472 | D:4      | Noticed Menkaure
  4897 | D:4      | Found a burning altar of Makhleb.
  5256 | D:4      | Found an ornate altar of the Wu Jian Council.
  5381 | D:5      | Entered Level 5 of the Dungeon
  5501 | D:4      | Reached XP level 6. HP: 30/51 MP: 1/9
  6453 | D:5      | Learned a level 3 spell: Dazzling Flash
  6519 | D:5      | Found a staircase to the Ecumenical Temple.
  6526 | Temple   | Entered the Ecumenical Temple
  6699 | Temple   | Became a worshipper of Vehumet
  6780 | D:5      | Reached skill level 1 in Hexes
  6820 | D:5      | Noticed a sky beast
  7032 | D:5      | Your scales start taking on a fiery red colour.
  7032 | D:5      | Reached XP level 7. HP: 43/60 MP: 5/10
  7032 | D:5      | Gained mutation: Your flesh is heat resistant. (rF+) [Red
                  | Draconian growth]
  7838 | D:6      | Reached skill level 5 in Fighting
  8767 | D:6      | Reached XP level 8. HP: 56/70 MP: 4/11
  9362 | D:7      | Reached skill level 5 in Dodging
  9505 | D:7      | Noticed a hippogriff
  9558 | D:7      | Killed a hippogriff
  9673 | D:7      | Found a blossoming altar of Fedhas.
 10819 | D:3      | Reached * piety under Vehumet
 10819 | D:3      | Offered knowledge of Sandblast by Vehumet.
 10865 | D:3      | Killed Sigmund
 10865 | D:3      | Reached skill level 1 in Shields
 10865 | D:3      | Reached XP level 9. HP: 68/75 MP: 9/12
 11117 | D:3      | Found a runed translucent door.
 11118 | D:3      | Noticed Crazy Yiuf
 11208 | D:3      | Noticed Natasha
 11217 | D:3      | Killed Natasha
 11396 | D:3      | Noticed Natasha
 11400 | D:3      | Killed Natasha
 11502 | D:3      | Killed Grinder
 11710 | D:3      | Killed Crazy Yiuf
 11749 | D:3      | Noticed Natasha
 11755 | D:3      | Killed Natasha
 12955 | D:8      | Noticed Grum
 12984 | D:7      | Reached skill level 5 in Shields
 13142 | D:8      | Killed Grum
 13680 | D:8      | Reached skill level 7 in Conjurations
 13845 | D:9      | Noticed a troll
 14552 | D:9      | Offered knowledge of Freeze by Vehumet.
 14552 | D:9      | Reached XP level 10. HP: 78/83 MP: 3/13
 14841 | D:8      | Reached ** piety under Vehumet
 14867 | D:8      | Reached skill level 8 in Conjurations
 14919 | D:9      | Noticed an elephant
 15088 | D:9      | Reached skill level 1 in Staves
 15292 | D:9      | Found a staircase to the Orcish Mines.
 15630 | D:9      | Reached skill level 5 in Staves
 15823 | D:9      | Found a staircase to the Lair.
 15869 | D:8      | Killed an elephant
 16164 | D:9      | Noticed a three-headed hydra
 16239 | D:9      | Found a glowing golden altar of the Shining One.
 16304 | D:9      | Found Ysma's Magic Scroll Shop.
 16314 | D:9      | Bought a scroll of blinking for 97 gold pieces
 16384 | Lair:1   | Entered Level 1 of the Lair of Beasts
 16415 | Lair:1   | Noticed a six-headed hydra
 16435 | Lair:1   | Killed a six-headed hydra
 16435 | Lair:1   | Reached skill level 9 in Conjurations
 16545 | Lair:1   | Learned a level 4 spell: Fulminant Prism
 16917 | D:9      | Killed a three-headed hydra
 16917 | D:9      | Offered knowledge of Frozen Ramparts by Vehumet.
 16917 | D:9      | Reached XP level 11. HP: 45/89 MP: 10/14
 17186 | D:10     | Entered Level 10 of the Dungeon
 17728 | Lair:1   | Upgraded the game from 0.25-a0-578-gc91f01c39c to
                  | 0.25-a0-583-g696c2ac64d
 17758 | Lair:1   | Found a runed translucent door.
 17759 | Lair:1   | Found a shimmering altar of Xom.
 17759 | Lair:1   | Noticed larifari's ghost (journeyman CeHu)
 17759 | Lair:1   | Noticed a +2 halberd of chaos
 17928 | Lair:1   | Reached *** piety under Vehumet
 17933 | Lair:1   | Noticed Sonja
 18243 | Lair:2   | Reached skill level 5 in Hexes
 18379 | Lair:2   | Found a dark tunnel.
 18390 | Volcano  | Entered a volcano
 18643 | Volcano  | Found a radiant altar of Vehumet.
 18643 | Volcano  | Noticed a salamander mystic
 18648 | Volcano  | Noticed a red draconian
 18967 | Volcano  | Offered knowledge of Conjure Flame by Vehumet.
 18972 | Volcano  | Learned a level 3 spell: Conjure Flame
 19543 | Volcano  | HP: 3/89 [something (5)]
 19880 | Volcano  | Killed a salamander mystic
 20641 | Lair:2   | Reached skill level 5 in Evocations
 21551 | Lair:3   | Found a staircase to the Snake Pit.
 22273 | Snake:1  | Entered Level 1 of the Snake Pit
 22322 | Snake:1  | Noticed a naga sharpshooter
 22377 | Snake:1  | Noticed an anaconda
 22780 | Lair:2   | Noticed a six-headed hydra
 23321 | Lair:1   | Reached skill level 10 in Conjurations
 23475 | Lair:1   | Reached XP level 12. HP: 69/96 MP: 11/17
 23740 | Lair:1   | Killed Sonja
 24751 | Lair:2   | Killed a six-headed hydra
 25123 | Lair:1   | Killed larifari's ghost
 25168 | Lair:1   | HP: 2/96 [+2 halberd of chaos (6)]
 25169 | Lair:1   | Slain by a +2 halberd of chaos

Levels and vault maps discovered:
D:1:      dpeg_arrival_houses_and_road, layout_rooms
D:2:      layout_basic
D:3:      layout_loops_corners, evilmike_ruin_ashenzari, kb_xom_exploding_sheep,
          chequers_ecumenical_altar_simple_redux, minmay_misc_feat_tiny,
          uniq_sigmund, uniq_robin, uniq_grinder, uniq_natasha,
          uniq_crazy_yiuf_cottage
D:4:      minmay_wonky_spiral, layout_loops_corners, lemuel_doored_altar,
          lemuel_crystal_altar, first_ration, minmay_fountain_box, uniq_menkaure
D:5:      layout_basic, minmay_temple_entry_gardened_gates
D:6:      layout_loops_ring, minmay_misc_feat_cross
D:7:      layout_loops_ring, fedhas_altar_3, uniq_pikel
D:8:      layout_loops_corners, uniq_grum
D:9:      layout_cave_pools, tso_oasis_becter, david_lair_generic, orc_0_dummy,
          serial_shops, shop, hangedman_ranch [blue_anna_fruit_fields]
D:10:     layout_big_octagon, minivault_4, roderic_batcave
Temple:   eino_temple_scatter_basement
Lair:1:   layout_gridlike, ebering_ghost_xom, chequers_serial_rivers_micro_b,
          uniq_sonja
Lair:2:   layout_layer_cave, enter_volcano_2
Lair:3:   layout_chaotic_city, guppyfry_snake_entry_island, lemuel_fruit_tree
Snake:1:  layout_onion

Skill      XL: |  1  2  3  4  5  6  7  8  9 10 11 12 |
---------------+-------------------------------------+-----
Conjurations   | 5 6 7 9 10 | 10.7
Fighting       | 3 4 6 |  6.1
Hexes          | 2 3 4 7 8 |  8.6
Dodging        | 3 6 |  6.9
Stealth        | 2 4 |  4.1
Shields        | 1 6 |  6.3
Staves         | 5 |  5.9
Evocations     | 3 6 |  6.8
Spellcasting   | 3 |  3.2

Action                   |  1- 3 |  4- 6 |  7- 9 | 10-12 || total
-------------------------+-------+-------+-------+-------++-------
Melee: Whip              |    92 |    40 |       |       ||   132
       Tailslap          |    15 |    20 |    19 |    26 ||    80
       Dagger            |       |    56 |       |       ||    56
       Hand axe          |       |    49 |       |       ||    49
       Mace              |       |   111 |    30 |       ||   141
       Staff             |       |       |   162 |   160 ||   322
Throw: Stone             |    18 |     7 |    23 |    14 ||    62
 Cast: Magic Dart        |    31 |    14 |    14 |     9 ||    68
       Searing Ray       |     5 |    38 |    55 |    94 ||   192
       Dazzling Flash    |       |       |     4 |     2 ||     6
       Fulminant Prism   |       |       |       |    44 ||    44
       Conjure Flame     |       |       |       |    21 ||    21
 Abil: Breathe Fire      |       |       |     8 |    16 ||    24
       Evoke Invisibilit |       |       |       |     2 ||     2
       Evoke Flight      |       |       |       |     2 ||     2
Evoke: Wand              |       |       |     1 |    10 ||    11
  Use: Scroll            |       |     6 |     4 |    11 ||    21
       Potion            |       |     1 |     3 |     4 ||     8
 Stab: Sleeping          |     1 |     4 |     6 |     1 ||    12
       Distracted        |     1 |       |       |     1 ||     2
  Eat: Chunk             |     4 |    14 |    22 |    25 ||    65
       Ration            |       |     1 |     3 |     8 ||    12
Armor: Skin              |    28 |   121 |   111 |   120 ||   380
Dodge: Dodged            |    86 |   265 |   251 |   281 ||   883
Block: Buckler           |       |       |    45 |   103 ||   148

Table legend:
 A = Non-vault XP
 B = Vault XP
 C = Vault XP percentage of total XP
 D = Non-vault monster count
 E = Vault monster count
 F = Vault count percentage of total count
                 A         B        C        D         E       F
            +---------+---------+-------+---------+---------+-------
      Total |   15902 |   10499 |  39.8 |     228 |      54 |  19.1
            +---------+---------+-------+---------+---------+-------
        D:1 |      20 |       0 |   0.0 |      10 |       0 |   0.0
        D:2 |     102 |      29 |  22.1 |      30 |       9 |  23.1
        D:3 |     288 |     537 |  65.1 |      34 |       8 |  19.0
        D:4 |     121 |      34 |  21.9 |      19 |       1 |   5.0
        D:5 |     500 |       0 |   0.0 |      27 |       0 |   0.0
        D:6 |     836 |       0 |   0.0 |      15 |       0 |   0.0
        D:7 |     966 |     229 |  19.2 |       9 |       2 |  18.2
        D:8 |    1759 |     924 |  34.4 |      26 |       4 |  13.3
        D:9 |    1235 |    2739 |  68.9 |      17 |      11 |  39.3
     Lair:1 |    5249 |    2000 |  27.6 |      20 |       2 |   9.1
     Lair:2 |    2394 |       0 |   0.0 |      10 |       0 |   0.0
     Lair:3 |    2272 |     483 |  17.5 |      10 |       3 |  23.1
    Snake:1 |     160 |       0 |   0.0 |       1 |       0 |   0.0
    Volcano |       0 |    3524 | 100.0 |       0 |      14 | 100.0
            +---------+---------+-------+---------+---------+-------
